 Dungeon Crawl Stone Soup version 0.31-a0-818-ge7c7cf74f0 (webtiles) character file.

Game seed: 12622833586835608658

761 Kurtz the Cleaver (level 7, -4/46 HPs)
             Began as an Octopode Fighter on Sept 23, 2023.
             Was an Initiate of Okawaru.
             Slain by a steam dragon (8 damage)
             ... on level 6 of the Dungeon.
             The game lasted 00:03:26 (4439 turns).

Kurtz the Cleaver (Octopode Fighter)                Turns: 4439, Time: 00:03:27

Health: -4/46      AC:  1    Str: 20    XL:     7   Next: 80%
Magic:  7/7        EV: 13    Int:  8    God:    Okawaru [......]
Gold:   220        SH:  5    Dex: 15    Spells: 6/6 levels left

rFire   . . .        a - +0 war axe (venom)
rCold   . . .        b - +0 buckler
rNeg    . . .        (helmet restricted)
rPois   .            (no amulet)
rElec   .            (no ring)
rCorr   .            (no ring)
SInv    .            (no ring)
Will    .....        (no ring)
Stlth   ++           (no ring)
HPRegen 0.27/turn    (no ring)
MPRegen 0.10/turn    (no ring)
                     (no ring)

%: no passive effects
@: no status effects
A: almost no armour, amphibious, 8 rings, camouflage 1, gelatinous body 1,
(nimble swimmer 1), tentacles, agile 1, mutation resistance 1, strong 1
a: Renounce Religion


You were on level 6 of the Dungeon.
You worshipped Okawaru.
Okawaru was noncommittal.
You visited 2 branches of the dungeon, and saw 7 of its levels.

You collected 220 gold pieces.

Inventory:

Hand Weapons
 a - a +0 war axe of venom (weapon)
Missiles
 c - 9 poisoned darts
Armour
 b - a +0 buckler (worn)
Scrolls
 e - a scroll of noise {unknown}
 f - 3 scrolls of identify {unknown}
 g - 4 scrolls of teleportation {unknown}
 h - a scroll of amnesia {unknown}
 j - 2 scrolls of fear {unknown}
 l - 2 scrolls of vulnerability {unknown}
 o - a scroll of blinking {unknown}
Potions
 k - a potion of curing


   Skills:
 - Level 3.0 Fighting
 * Level 8.6 Axes
 - Level 3.0 Dodging
 - Level 3.0 Shields
 * Level 0.5 Invocations


You had 6 spell levels left.
You didn't know any spells.
Your spell library contained the following spells:

 Spells                   Type           Power      Damage    Failure   Level
 Kiss of Death            Conj/Necr      0%         2d5       47%         1
 Sting                    Tmut/Pois      0%         1d3       47%         1
 Poisonous Vapours        Pois/Air       0%         N/A       63%         2
 Confusing Touch          Hex            0%         N/A       85%         3
 Dispel Undead            Necr           0%         3d6       99%         4
 Olgreb's Toxic Radiance  Pois           0%         N/A       99%         4


Dungeon Overview and Level Annotations

Branches:
Dungeon (6/15)             Temple (1/1) D:5

Altars:
Dithmenos
Kikubaaqudgha
Makhleb
Nemelex Xobeh
Okawaru
Ru
Trog
Uskayaw
Vehumet
Xom
Zin
The Shining One

Shops:
D:4 =   D:5 (


Innate Abilities, Weirdness & Mutations

You cannot wear most types of armour.
You are amphibious.
You can wear up to eight rings at the same time.
Your skin changes colour to match your surroundings (Stealth+).
Your rubbery body absorbs attacks. (AC +1, EV +1)
((You are camouflaged when in or above water. (Stealth+)))
You have tentacles for arms and can constrict up to eight enemies at once.
You are agile. (Dex +4, Str/Int -1)
You are somewhat resistant to further mutation.
Your muscles are strong. (Str +4, Int/Dex -1)


Message History

A steam dragon is nearby!
A steam dragon is nearby!
It was a potion of heal wounds.
You feel much better. The steam dragon bites you.
The steam dragon closely misses you.
You hit the steam dragon but do no damage.
You squeeze the steam dragon.
The steam dragon is lightly wounded.
The steam dragon breathes steam at you. The ball of steam hits you!!
You hear a shout!
Something shouts, "Decamp, thou plume-plucked fob-snatching slabber!"
You hear a shout!
You barely miss the steam dragon.
The steam dragon is lightly wounded.
You are engulfed in a cloud of scalding steam.
The steam dragon bites you!
* * * LOW HITPOINT WARNING * * *
The steam dragon barely misses you.
Unknown command.
You feel better.
You are engulfed in a cloud of scalding steam.
* * * LOW HITPOINT WARNING * * *
A shadow imp comes into view.
The steam dragon closely misses you. x2
The steam dragon barely misses you. The steam dragon closely misses you.
Okay, then.
As you read the scroll labelled CUKHENIXAD, it crumbles to dust.
It is a scroll of brand weapon.
Your +0 war axe drips with poison.
a - a +0 war axe of venom (weapon)
The steam dragon breathes steam at you. The ball of steam misses you.
Unknown command.
You hit the steam dragon but do no damage.
The steam dragon is poisoned.
Your squeeze misses the steam dragon.
The steam dragon is lightly wounded.
You are engulfed in a cloud of scalding steam.
* * * LOW HITPOINT WARNING * * *
The steam dragon bites you!
You die...

... ..
..####.# #
.§.#.5. #.
.§...#
#.###....#
##......§#
##....[.§§##
#......<@.§#
##.....D...#
#....)....#
#..........#
#.....##...#
##...= #.###
###.. ###
###


You could see a steam dragon (very poisoned, catching breath) and a shadow imp.

Vanquished Creatures
  A black bear (D:5)
  A phantom (D:5)
  3 scorpions
  A hound (D:4)
  An orc priest (D:5)
  2 sleepcaps
  3 iguanas
  An orc wizard (D:5)
  5 gnolls
  5 adders
  A shadow imp (D:5)
  A white imp (D:5)
  3 worms
  A dart slug (D:3)
  12 orcs
  6 endoplasms
  2 giant cockroaches
  8 goblins
  7 hobgoblins
  2 jackals (D:5)
  4 quokkas
  4 ball pythons
  3 bats
  2 frilled lizards (D:1)
  A kobold (D:1)
  5 rats (D:1)
85 creatures vanquished.

Notes
Turn   | Place    | Note
-------+----------+-------------------------------------------
     0 | D:1      | Kurtz the Octopode Fighter began the quest for the Orb.
     0 | D:1      | Reached XP level 1. HP: 16/16 MP: 1/1
   169 | D:1      | Reached XP level 2. HP: 19/21 MP: 2/2
   308 | D:1      | Reached skill level 3 in Axes
   913 | D:2      | Found a faded altar of an unknown god.
   929 | D:3      | Reached XP level 3. HP: 26/26 MP: 3/3
  1461 | D:3      | Reached skill level 4 in Axes
  1461 | D:3      | Reached XP level 4. HP: 29/31 MP: 4/4
  1809 | D:5      | Entered Level 5 of the Dungeon
  1978 | D:5      | Noticed a phantom
  1996 | D:5      | Killed a phantom
  1997 | D:5      | Reached skill level 5 in Axes
  1997 | D:5      | Reached XP level 5. HP: 8/36 MP: 5/5
  2344 | D:5      | Reached skill level 6 in Axes
  2355 | D:5      | Reached XP level 6. HP: 10/42 MP: 6/6
  2527 | D:4      | Found Vaar Zest's Jewellery Boutique.
  2805 | D:4      | Reached skill level 7 in Axes
  2833 | D:4      | Reached XP level 7. HP: 31/46 MP: 7/7
  3454 | D:5      | Reached skill level 8 in Axes
  3546 | D:5      | Found a staircase to the Ecumenical Temple.
  3692 | Temple   | Entered the Ecumenical Temple
  3717 | Temple   | Became a worshipper of Warmaster Okawaru
  3850 | D:5      | Found Jicaowutt's Antique Weapon Shoppe.
  3989 | D:5      | Gained mutation: You are clumsy. (Dex -2) [potion of
                  | mutation]
  3989 | D:5      | Gained mutation: You occasionally shout uncontrollably at
                  | your foes. [potion of mutation]
  3989 | D:5      | Gained mutation: You have hidden genetic potential. [potion
                  | of mutation]
  4179 | D:5      | Lost mutation: You have hidden genetic potential. [potion
                  | of mutation]
  4179 | D:5      | Lost mutation: You are clumsy. (Dex -2) [potion of
                  | mutation]
  4179 | D:5      | Lost mutation: You occasionally shout uncontrollably at
                  | your foes. [potion of mutation]
  4179 | D:5      | Gained mutation: Your muscles are strong. (Str +4, Int/Dex
                  | -1) [potion of mutation]
  4179 | D:5      | Gained mutation: You are agile. (Dex +4, Str/Int -1)
                  | [potion of mutation]
  4179 | D:5      | Gained mutation: You are somewhat resistant to further
                  | mutation. [potion of mutation]
  4432 | D:6      | Noticed a steam dragon
  4439 | D:6      | Slain by a steam dragon

Illustrated notes

Levels and vault maps discovered:
D:1:      dpeg_arrival_three_same_balls, layout_loops_corners, st_stairs_8,
          corexii_leaking_fountain, bh_walls_and_bars
D:2:      layout_basic, basic_ecumenical_altar
D:3:      layout_loops_ring
D:4:      layout_basic, serial_shops, nicolae_shop_gaudy_bauble
D:5:      layout_loops_corners, minmay_temple_entry_hall, serial_shops, shop
D:6:      layout_cave_pools, kennysheep_ying_yang, lemuel_crystal_altar,
          nicolae_overflow_hidden_temple, amcnicky_altar_gilded,
          grunt_decor_mini_mirrors, minmay_hollow_rounded_squares
Temple:   chequers_temple_sunken

Skill      XL: |  1  2  3  4  5  6  7 |
---------------+----------------------+-----
Axes           | 3 4 5 6 7 8 |  8.6
Fighting       | |  3.0
Dodging        | |  3.0
Shields        | |  3.0
Invocations    | |  0.5

Action                     |  1- 3 |  4- 6 |  7- 9 || total
---------------------------+-------+-------+-------++-------
  Melee: War axe           |    52 |    67 |    57 ||   176
         Tentacles         |    14 |    17 |    11 ||    42
         Constrict         |    17 |    14 |    12 ||    43
         Punch             |     1 |       |       ||     1
    Use: Potion            |       |     1 |     6 ||     7
         Scroll            |       |       |     1 ||     1
   Stab: Sleeping          |    10 |     2 |     1 ||    13
         Distracted        |     1 |       |       ||     1
 Armour: Skin              |    19 |    30 |    38 ||    87
  Dodge: Dodged            |    25 |    33 |    29 ||    87
  Block: Buckler           |     9 |    12 |     6 ||    27

Table legend: (Time is in decaauts)
 A = Elapsed time spent in this place.
 B = Non-inter-level travel time spent in this place.
 C = Inter-level travel time spent in this place.
 D = Time resting spent in this place.
 E = Time spent auto-exploring this place.
 F = Levels seen in this place.
 G = Mean time per level.
                   A        B        C        D        E       F      G
               +--------+--------+--------+--------+--------+-----+--------+
         Total |   4482 |   4309 |    173 |    834 |   2830 |   7 |  640.3 |
       Dungeon |   4435 |   4284 |    151 |    834 |   2830 |   6 |  739.2 |
        Temple |     47 |     25 |     22 |      0 |      0 |   1 |   47.0 |
               +--------+--------+--------+--------+--------+-----+--------+

Top non-repeatable levels by time:
     D:5: 1872 daAuts
     D:4: 945 daAuts
     D:1: 906 daAuts
     D:3: 674 daAuts
  Temple: 47 daAuts
     D:2: 29 daAuts
     D:6: 6 daAuts
